| TOP OF THE 1ST |
|
Akron RubberDucks batting - Pitching for Montgomery Biscuits : RHP Ken Vandercook
|
|
Pitching: RHP Ken Vandercook
|
|
|
Batting: LHB Robby Dann
|
0-0: Ball 1-0: Called Strike 1-1: Called Strike 1-2: Strikes out swinging
|
|
Batting: LHB Kazuyoshi Nakamura
|
0-0: SINGLE (Groundball, 4M, EV 105.0 MPH) (infield hit)
|
|
Batting: RHB Tristan Wright
|
0-0: Ball 1-0: Swinging Strike 1-1: Foul Ball, location: 2F 1-2: Strikes out swinging
|
|
Batting: SHB Valentin Laporte
|
0-0: Called Strike Kazuyoshi Nakamura is caught stealing 2nd base 2-6
|
| Top of the 1st over - 0 runs, 1 hit, 0 errors, 0 left on base; Akron 0 - Montgomery 0 |
| BOTTOM OF THE 1ST |
|
Montgomery Biscuits batting - Pitching for Akron RubberDucks : RHP Ferdi Schipper
|
|
Pitching: RHP Ferdi Schipper
|
|
|
Batting: LHB Darryl Gonnella
|
0-0: Called Strike 0-1: Ball 1-1: Foul Ball, location: 2F 1-2: Foul Ball, location: 2F 1-2: Strikes out swinging
|
|
Batting: RHB Chris Thorson
|
0-0: Called Strike 0-1: Ball 1-1: Swinging Strike 1-2: Strikes out swinging
|
|
Batting: RHB Alex Diaz
|
0-0: Swinging Strike 0-1: Ball 1-1: Foul Ball, location: 2F 1-2: Ball 2-2: Foul Ball, location: 2F 2-2: Ball 3-2: Foul Ball, location: 2F 3-2: Ground out 6-3 (Groundball, 6, EV 80.6 MPH)
|
| Bottom of the 1st over - 0 runs, 0 hits, 0 errors, 0 left on base; Akron 0 - Montgomery 0 |
| TOP OF THE 2ND |
|
Akron RubberDucks batting - Pitching for Montgomery Biscuits : RHP Ken Vandercook
|
|
Batting: SHB Valentin Laporte
|
0-0: Called Strike 0-1: Fly out, F5 (Popup, 5L, EV 70.6 MPH)
|
|
Batting: LHB Frank Hill
|
0-0: Foul Ball, location: 2F 0-1: Called Strike 0-2: Ball 1-2: Strikes out looking
|
|
Batting: RHB Solange Le Coq
|
0-0: Ball 1-0: Foul Ball, location: 2F 1-1: Foul Ball, location: 2F 1-2: SINGLE (Groundball, 6D, EV 101.9 MPH)
|
|
Batting: RHB Jose Valtierra
|
0-0: Called Strike 0-1: Swinging Strike 0-2: Strikes out looking
|
| Top of the 2nd over - 0 runs, 1 hit, 0 errors, 1 left on base; Akron 0 - Montgomery 0 |
| BOTTOM OF THE 2ND |
|
Montgomery Biscuits batting - Pitching for Akron RubberDucks : RHP Ferdi Schipper
|
|
Batting: LHB Eric Toney
|
0-0: Ball 1-0: Ball 2-0: Ball 3-0: Called Strike 3-1: Foul Ball, location: 2F 3-2: Strikes out swinging
|
|
Batting: RHB James Huddleston
|
0-0: Called Strike 0-1: Ground out 5-3 (Groundball, 56, EV 88.1 MPH)
|
|
Batting: SHB Julio Hernandez
|
0-0: DOUBLE (Line Drive, 7LM, EV 102.5 MPH)
|
|
Batting: RHB Nelle Lommen
|
0-0: Foul Ball, location: 2F 0-1: Ball 1-1: Swinging Strike 1-2: Ground out 5-3 (Groundball, 15, EV 79.4 MPH)
|
| Bottom of the 2nd over - 0 runs, 1 hit, 0 errors, 1 left on base; Akron 0 - Montgomery 0 |
| TOP OF THE 3RD |
|
Akron RubberDucks batting - Pitching for Montgomery Biscuits : RHP Ken Vandercook
|
|
Batting: SHB Justin Veatch
|
0-0: Ball 1-0: Called Strike 1-1: Ball 2-1: Swinging Strike 2-2: Ground out 4-3 (Groundball, 4M, EV 100.6 MPH)
|
|
Batting: SHB Javon Mitchell
|
0-0: Ball 1-0: SINGLE (Groundball, 25, EV 71.9 MPH) (infield hit)
|
|
Batting: LHB Robby Dann
|
0-0: Called Strike 0-1: Foul Ball, location: 2F 0-2: Strikes out swinging
|
|
Batting: LHB Kazuyoshi Nakamura
|
0-0: Ball 1-0: Swinging Strike 1-1: Fielders Choice at 2nd, 6-4 (Groundball, 6D, EV 104.4 MPH)
|
| Top of the 3rd over - 0 runs, 1 hit, 0 errors, 1 left on base; Akron 0 - Montgomery 0 |
| BOTTOM OF THE 3RD |
|
Montgomery Biscuits batting - Pitching for Akron RubberDucks : RHP Ferdi Schipper
|
|
Batting: RHB Roberto Aispuro
|
0-0: Ball 1-0: Ball 2-0: SINGLE (Line Drive, 3D, EV 103.1 MPH)
|
|
Batting: RHB Khalil Walker
|
0-0: Called Strike 0-1: SINGLE (Groundball, 6D, EV 105.6 MPH) Roberto Aispuro to second
|
|
Batting: LHB Darryl Gonnella
|
0-0: Called Strike 0-1: Ball 1-1: Ball 2-1: Foul Ball, location: 2F 2-2: Foul Ball, location: 2F 2-2: Ball Wild Pitch! Roberto Aispuro to third Khalil Walker to second 3-2: Fly out, F5 (Popup, 5F, EV 72.5 MPH)
|
|
Batting: RHB Chris Thorson
|
0-0: Called Strike 0-1: Ball 1-1: DOUBLE (Line Drive, 5D, EV 103.8 MPH) Roberto Aispuro scores Khalil Walker scores
|
|
Batting: RHB Alex Diaz
|
0-0: Ball 1-0: Ball 2-0: Ball 3-0: Called Strike 3-1: Base on Balls
|
|
Batting: LHB Eric Toney
|
0-0: Fly out, F7 (Line Drive, 7S, EV 92.5 MPH)
|
|
Batting: RHB James Huddleston
|
0-0: Ball 1-0: Foul Ball, location: 2F 1-1: Ball 2-1: Swinging Strike 2-2: Foul Ball, location: 2F 2-2: Ball 3-2: Strikes out swinging
|
| Bottom of the 3rd over - 2 runs, 3 hits, 0 errors, 2 left on base; Akron 0 - Montgomery 2 |
| TOP OF THE 4TH |
|
Akron RubberDucks batting - Pitching for Montgomery Biscuits : RHP Ken Vandercook
|
|
Batting: RHB Tristan Wright
|
0-0: Called Strike 0-1: Ball 1-1: Ball 2-1: Swinging Strike 2-2: Strikes out swinging
|
|
Batting: SHB Valentin Laporte
|
0-0: SINGLE (Line Drive, 9S, EV 91.9 MPH)
|
|
Batting: LHB Frank Hill
|
0-0: Ball 1-0: Ball Valentin Laporte steals 2nd base (no throw) 2-0: Called Strike 2-1: Fly out, F8 (Flyball, 8RXD, EV 93.1 MPH)
|
|
Batting: RHB Solange Le Coq
|
0-0: Called Strike 0-1: Ball 1-1: Ball 2-1: Ground out 6-3 (Groundball, 6, EV 110.6 MPH)
|
| Top of the 4th over - 0 runs, 1 hit, 0 errors, 1 left on base; Akron 0 - Montgomery 2 |
| BOTTOM OF THE 4TH |
|
Montgomery Biscuits batting - Pitching for Akron RubberDucks : RHP Ferdi Schipper
|
|
Batting: SHB Julio Hernandez
|
0-0: Ball 1-0: Fly out, F3 (Line Drive, 3L, EV 66.9 MPH)
|
|
Batting: RHB Nelle Lommen
|
0-0: Ball 1-0: Ball 2-0: Called Strike 2-1: Swinging Strike 2-2: Foul Ball, location: 2F 2-2: Foul Ball, location: 2F 2-2: Foul Ball, location: 2F 2-2: Strikes out swinging
|
|
Batting: RHB Roberto Aispuro
|
0-0: Ball 1-0: Ball 2-0: Ball 3-0: Base on Balls
|
|
Batting: RHB Khalil Walker
|
0-0: Ball 1-0: Ball 2-0: Called Strike 2-1: Foul Ball, location: 2F 2-2: Fielders Choice at 2nd, 6-4 (Groundball, 6, EV 103.1 MPH)
|
| Bottom of the 4th over - 0 runs, 0 hits, 0 errors, 1 left on base; Akron 0 - Montgomery 2 |
| TOP OF THE 5TH |
|
Akron RubberDucks batting - Pitching for Montgomery Biscuits : RHP Ken Vandercook
|
|
Batting: RHB Jose Valtierra
|
0-0: Ball 1-0: Ball 2-0: Foul Ball, location: 2F 2-1: Ball 3-1: SINGLE (Groundball, 6MD, EV 102.5 MPH)
|
|
Batting: SHB Justin Veatch
|
0-0: Ball 1-0: Ball 2-0: Ball 3-0: SINGLE (Groundball, 6D, EV 103.8 MPH) Jose Valtierra to second
|
|
Batting: SHB Javon Mitchell
|
0-0: Ball 1-0: Fly out, F7 (Line Drive, 7S, EV 97.5 MPH)
|
|
Batting: LHB Robby Dann
|
0-0: Ball 1-0: Swinging Strike 1-1: Ball 2-1: SINGLE (Groundball, 34D, EV 105.0 MPH) Jose Valtierra to third Justin Veatch to second Runner from 3rd tries for Home, SAFE, throw by RF to home
|
|
Batting: LHB Kazuyoshi Nakamura
|
0-0: Called Strike 0-1: Fielders Choice at 2nd, 1-6 (Groundball, 13, EV 66.2 MPH) Justin Veatch to third
|
|
Batting: RHB Tristan Wright
|
0-0: Called Strike 0-1: Fielders Choice at 2nd, 6-4 (Groundball, 6, EV 90.6 MPH)
|
| Top of the 5th over - 1 run, 3 hits, 0 errors, 2 left on base; Akron 1 - Montgomery 2 |
| BOTTOM OF THE 5TH |
|
Montgomery Biscuits batting - Pitching for Akron RubberDucks : RHP Ferdi Schipper
|
|
Batting: LHB Darryl Gonnella
|
0-0: Foul Ball, location: 2F 0-1: Fly out, F7 (Flyball, 7, EV 93.8 MPH)
|
|
Batting: RHB Chris Thorson
|
0-0: Ball 1-0: Swinging Strike 1-1: Swinging Strike 1-2: Strikes out swinging
|
|
Batting: RHB Alex Diaz
|
0-0: Ball 1-0: Foul Ball, location: 2F 1-1: Fly out, F5 (Popup, 5SF, EV 88.8 MPH)
|
| Bottom of the 5th over - 0 runs, 0 hits, 0 errors, 0 left on base; Akron 1 - Montgomery 2 |
| TOP OF THE 6TH |
|
Akron RubberDucks batting - Pitching for Montgomery Biscuits : RHP Ken Vandercook
|
|
Batting: SHB Valentin Laporte
|
0-0: Foul Ball, location: 2F 0-1: Foul Ball, location: 2F 0-2: Ball 1-2: Foul Ball, location: 2F 1-2: Ball 2-2: Foul Ball, location: 2F 2-2: Ball 3-2: SINGLE (Line Drive, 56D, EV 105.6 MPH)
|
|
Batting: LHB Frank Hill
|
0-0: Called Strike 0-1: Swinging Strike 0-2: Strikes out swinging
|
|
Batting: RHB Solange Le Coq
|
0-0: Ball 1-0: Foul Ball, location: 2F 1-1: Fielders Choice at 2nd, 1-4 (Groundball, 15, EV 63.1 MPH)
|
|
Batting: RHB Jose Valtierra
|
0-0: Swinging Strike 0-1: Ball 1-1: Ball Solange Le Coq is caught stealing 2nd base 2-4
|
| Top of the 6th over - 0 runs, 1 hit, 0 errors, 0 left on base; Akron 1 - Montgomery 2 |
| BOTTOM OF THE 6TH |
|
Montgomery Biscuits batting - Pitching for Akron RubberDucks : RHP Ferdi Schipper
|
|
Batting: LHB Eric Toney
|
0-0: Called Strike 0-1: Foul Ball, location: 2F 0-2: Ball 1-2: Strikes out swinging, 2-3 out at first.
|
|
Batting: RHB James Huddleston
|
0-0: Ball 1-0: Ball 2-0: Called Strike 2-1: SINGLE (Groundball, 4MD, EV 102.5 MPH)
|
|
Batting: SHB Julio Hernandez
|
0-0: Ball 1-0: Foul Ball, location: 2F 1-1: Ball Wild Pitch! James Huddleston to second 2-1: Ground out 4-3 (Groundball, 4M, EV 88.8 MPH) James Huddleston to third
|
|
Pitching: RHP Chris DeVall
|
|
|
Batting: RHB Nelle Lommen
|
0-0: Ball 1-0: Called Strike 1-1: Foul Ball, location: 2F 1-2: Foul Ball, location: 2F 1-2: Strikes out looking
|
| Bottom of the 6th over - 0 runs, 1 hit, 0 errors, 1 left on base; Akron 1 - Montgomery 2 |
| TOP OF THE 7TH |
|
Akron RubberDucks batting - Pitching for Montgomery Biscuits : RHP Ken Vandercook
|
|
Pinch Hitting: LHB Jesus Romero
|
0-0: Called Strike 0-1: DOUBLE (Flyball, 8LXD, EV 91.2 MPH)
|
|
Batting: SHB Justin Veatch
|
0-0: SINGLE (Flyball, 5D, EV 86.9 MPH) Jesus Romero to third
|
|
Pinch Hitting: LHB Nick Welling
|
0-0: Ball 1-0: Foul Ball, location: 2F 1-1: Ground out 5-3 (Groundball, 56, EV 90.0 MPH) Justin Veatch to second
|
|
Batting: LHB Robby Dann
|
0-0: Ball 1-0: Ground out 6-3 (Groundball, 6S, EV 70.0 MPH) Jesus Romero scores Justin Veatch to third
|
|
Batting: LHB Kazuyoshi Nakamura
|
0-0: Ball 1-0: Foul Ball, location: 2F 1-1: Swinging Strike 1-2: Strikes out swinging
|
| Top of the 7th over - 1 run, 2 hits, 0 errors, 1 left on base; Akron 2 - Montgomery 2 |
| BOTTOM OF THE 7TH |
|
Montgomery Biscuits batting - Pitching for Akron RubberDucks : RHP Chris DeVall
|
|
Now at 3B: Edwin Dominguez
|
|
|
Now at SS: Charles Marcel
|
|
|
Batting: RHB Roberto Aispuro
|
0-0: Called Strike 0-1: Ball 1-1: Ball 2-1: SINGLE (Groundball, 56S, EV 62.5 MPH) (infield hit)
|
|
Batting: RHB Khalil Walker
|
0-0: Ball Roberto Aispuro is caught stealing 2nd base 2-4 1-0: Ground out 6-3 (Groundball, 6, EV 85.0 MPH)
|
|
Batting: LHB Darryl Gonnella
|
0-0: Ball 1-0: Ball 2-0: Called Strike 2-1: Ground out U3 (Groundball, 3L, EV 82.5 MPH)
|
| Bottom of the 7th over - 0 runs, 1 hit, 0 errors, 0 left on base; Akron 2 - Montgomery 2 |
| TOP OF THE 8TH |
|
Akron RubberDucks batting - Pitching for Montgomery Biscuits : RHP Ken Vandercook
|
|
Pitching: LHP Brian Kelly
|
|
|
Batting: RHB Tristan Wright
|
0-0: Called Strike 0-1: Swinging Strike 0-2: Foul Ball, location: 2F 0-2: Ball 1-2: Strikes out swinging
|
|
Batting: SHB Valentin Laporte
|
0-0: Ground out 5-3 (Groundball, 56S, EV 73.1 MPH)
|
|
Pinch Hitting: RHB Ricky Deen
|
0-0: Ball 1-0: Fly out, F8 (Line Drive, 8LD, EV 83.8 MPH)
|
| Top of the 8th over - 0 runs, 0 hits, 0 errors, 0 left on base; Akron 2 - Montgomery 2 |
| BOTTOM OF THE 8TH |
|
Montgomery Biscuits batting - Pitching for Akron RubberDucks : RHP Chris DeVall
|
|
Now in LF: Jarrod Lindblad
|
|
|
Batting: RHB Chris Thorson
|
0-0: Ground out 6-3 (Groundball, 56D, EV 86.2 MPH)
|
|
Batting: RHB Alex Diaz
|
0-0: Ball 1-0: Ball 2-0: Ball 3-0: Swinging Strike 3-1: Base on Balls
|
|
Pitching: LHP Manny Trump
|
|
|
Batting: RHB Dermott Kennelly
|
0-0: Ball 1-0: Ball 2-0: Ball 3-0: Base on Balls Alex Diaz to second
|
|
Pitching: RHP David Matheney
|
|
|
Batting: RHB James Huddleston
|
0-0: Ball 1-0: Ball 2-0: Called Strike 2-1: Called Strike 2-2: SINGLE (Groundball, 56D, EV 100.6 MPH) Alex Diaz to third Dermott Kennelly to second Runner from 3rd tries for Home, throw by LF and OUT! 7-2
|
|
Batting: SHB Julio Hernandez
|
0-0: Ground out U3 (Groundball, 3L, EV 90.0 MPH)
|
| Bottom of the 8th over - 0 runs, 1 hit, 0 errors, 2 left on base; Akron 2 - Montgomery 2 |
| TOP OF THE 9TH |
|
Akron RubberDucks batting - Pitching for Montgomery Biscuits : LHP Brian Kelly
|
|
Pitching: RHP David Breaux
|
|
|
Pinch Hitting: LHB Hirakito Herring
|
0-0: Called Strike 0-1: Swinging Strike 0-2: Ball 1-2: Strikes out swinging
|
|
Pinch Hitting: LHB Esteban Cordova
|
0-0: Foul Ball, location: 2F 0-1: Swinging Strike 0-2: Strikes out swinging
|
|
Batting: SHB Justin Veatch
|
0-0: Ball 1-0: Called Strike 1-1: SINGLE (Line Drive, 56, EV 105.0 MPH)
|
|
Batting: SHB Edwin Dominguez
|
0-0: Called Strike 0-1: Ball 1-1: Foul Ball, location: 2F 1-2: Ball 2-2: Foul Ball, location: 2F 2-2: TRIPLE (Flyball, 78XD, EV 95.0 MPH) Justin Veatch scores
|
|
Batting: LHB Robby Dann
|
0-0: Ground out 6-3 (Groundball, 6, EV 85.6 MPH)
|
| Top of the 9th over - 1 run, 2 hits, 0 errors, 1 left on base; Akron 3 - Montgomery 2 |
| BOTTOM OF THE 9TH |
|
Montgomery Biscuits batting - Pitching for Akron RubberDucks : RHP David Matheney
|
|
Pitching: RHP Juan Flores
|
|
|
Now at 1B: Willie Gonzales
|
|
|
Now at 2B: Mitch Boyd
|
|
|
Now at SS: Chris Fitzgerald
|
|
|
Now in LF: Kazuyoshi Nakamura
|
|
|
Now in CF: Jarrod Lindblad
|
|
|
Batting: RHB Nelle Lommen
|
0-0: Ball 1-0: SINGLE (Line Drive, 89M, EV 98.8 MPH)
|
|
Batting: RHB Roberto Aispuro
|
0-0: Bunted foul 0-1: Sac Bunt to 13S - play at first, batter OUT! 1-3 Nelle Lommen to second
|
|
Batting: RHB Khalil Walker
|
0-0: Ball 1-0: Ball 2-0: Called Strike 2-1: Ground out U3 (Groundball, 23, EV 89.4 MPH) Nelle Lommen to third
|
|
Batting: LHB Darryl Gonnella
|
0-0: Ball 1-0: Foul Ball, location: 2F 1-1: Ground out 3-1 (Groundball, 34, EV 103.8 MPH)
|
| Bottom of the 9th over - 0 runs, 1 hit, 0 errors, 1 left on base; Akron 3 - Montgomery 2 |
|